AoeStats
← PISSE O GUEILLES

Hill Fort

506486285Analyzed
3v3 RM · 17d ago on Sep 13, 2026· 23m 24s· 6 players
Game mode
Random Map
Map size
Normal (6 player)
Population
200
Speed
Normal
Resources
Standard
Victory
Conquest
Starting age
Dark Age
Ending age
Imperial Age
RankedLock teamsTeams togetherTeam positionsShared explorationLock speedFull tech treeHidden civsTurbo modeCheats
Victory
Defeat
🇫🇷 Khmer · France
1226
+13
🇫🇷 Hindustanis · France
1200
+14
🇫🇷 Ethiopians · France
1176
+15
🇩🇪 Khmer · Germany
1237
-17
🇩🇪 Vikings · Germany
1122
-13
🇩🇪 Jurchens · Germany
1106
-12
Dabbler
10:12 Feudal Age
11:04 Town Watch
14:03 Castle Age
12:39 Loom
13:14 Double-Bit Axe
13:32 Horse Collar
16:02 Bow Saw
Cool Dog
6:39 Loom
11:46 Feudal Age
16:36 Castle Age
16:08 Stone Mining
17:35 Double-Bit Axe
19:00 Forging
21:11 Squires
22:14 Scale Mail Armor
AgeOfWootch
10:49 Feudal Age
11:27 Double-Bit Axe
17:27 Castle Age
15:32 Loom
15:38 Double-Bit Axe
18:46 Bow Saw
19:30 Wheelbarrow
pressAltF4
8:10 Loom
10:12 Feudal Age
11:09 Double-Bit Axe
11:14 Horse Collar
15:50 Wheelbarrow
20:46 Castle Age
19:07 Fletching
19:37 Gold Mining
21:21 Padded Archer Armor
20:53 Crossbowman
21:33 Bodkin Arrow
PISSE O GUEILLES
8:00 Loom
11:04 Feudal Age
15:30 Castle Age
14:08 Double-Bit Axe
14:13 Horse Collar
15:32 Bloodlines
18:48 Husbandry
20:28 Scale Barding Armor
21:30 Forging
STEGGS
9:57 Loom
11:42 Feudal Age
17:16 Castle Age
15:16 Horse Collar
15:50 Double-Bit Axe
16:30 Gold Mining
17:17 Scale Mail Armor
17:53 Forging
18:22 Heavy Plow
18:33 Arson
19:18 Squires
21:41 Chain Mail Armor
23:02 Gold Shaft Mining
24:12 Iron Casting
Connection lost

Rejoining the realm…

Still unreachable

The connection could not be restored.

Session expired

The server has moved on; the page needs a fresh start.